 Dungeon Crawl Stone Soup version 0.29.1-12-g30fa7ad0bf (webtiles) character file.

Game seed: 5148825051072656071

30 Radix the Digger (level 3, -5/19 HPs)
             Began as a Gargoyle Earth Elementalist on Dec 29, 2022.
             Slain by Terence
             ... wielding a +5 mace of draining
              (8 damage)
             ... on level 2 of the Dungeon.
             The game lasted 00:06:09 (885 turns).

Radix the Digger (Gargoyle Earth Elementalist)       Turns: 885, Time: 00:06:10

Health: -5/19      AC:  5    Str: 11    XL:     3   Next: 20%
Magic:  3/7        EV: 11    Int: 17    God:
Gold:   42         SH:  0    Dex: 10    Spells: 6/7 levels left

rFire   . . .      SeeInvis .   h - +3 dagger (venom)
rCold   . . .      Faith    .   (no shield)
rNeg    + . .      Spirit   .   a - +0 robe
rPois   ∞          Reflect  .   (no helmet)
rElec   +          Harm     .   (no cloak)
rCorr   .          Rampage  .   (no gloves)
Will    .....                   (no boots)
Stlth   ++........              (no amulet)
HPRegen 0.06/turn               (no ring)
MPRegen 0.10/turn               (no ring)

@: no status effects
A: sickness immunity, AC +3, negative energy resistance 1, electricity
resistance, torment resistance 1, petrification resistance
a: no special abilities


You were on level 2 of the Dungeon.
You visited 1 branch of the dungeon, and saw 2 of its levels.

You collected 42 gold pieces.

Inventory:

Hand Weapons
 f - a +0 whip
 h - a +3 dagger of venom (weapon)
 k - a +3 dagger of holy wrath
Armour
 a - a +0 robe (worn)
Magical Staves
 i - a staff of cold
Scrolls
 d - 2 scrolls of poison {unknown}
 e - a scroll of fog
 g - a scroll of enchant weapon {unknown}
 j - 2 scrolls of identify {unknown}
 m - a scroll of blinking {unknown}
 o - a scroll of vulnerability {unknown}
Potions
 b - a potion of magic
 l - a potion of attraction {unknown}
 n - a potion of flight {unknown}
 p - a potion of ambrosia {unknown}


   Skills:
 - Level 1.5 Dodging
 - Level 2.1 Stealth
 + Level 2.7 Spellcasting
 - Level 0.7 Transmutations
 + Level 4.4 Earth Magic


You had 6 spell levels left.
You knew the following spells:

 Your Spells              Type           Power      Damage    Failure   Level
a - Sandblast             Erth           34%        2d9       3%          1

Your spell library contained the following spells:

 Spells                   Type           Power      Damage    Failure   Level
 Passwall                 Tmut/Erth      9%         N/A       10%         2
 Stone Arrow              Conj/Erth      18%        3d8       22%         3
 Petrify                  Tmut/Erth      11%        N/A       52%         4


Dungeon Overview and Level Annotations

Branches:
Dungeon (2/15)

Altars:

Annotations:
D:2 Terence


Innate Abilities, Weirdness & Mutations

You are immune to sickness and miasma.
Your stone body is resilient. (AC +3)
You are immune to poison.
You resist negative energy. (rN+)
You are resistant to electric shocks. (rElec)
You are resistant to unholy torment.
You are immune to petrification.


Message History

You climb downwards.
Found a stone staircase leading down.
There is a stone staircase leading up here.
There is a stone staircase leading down here.
Terence the Incautious comes into view.
He is wielding a +5 mace of draining and carrying a wand of flame (31).
Found a coppery potion.
Aiming: Sandblast (safe; 3% risk of failure)
Press: ? - help, Q - select action Shift-Dir - straight line, f - Terence
Aim: Terence, wielding a +5 mace of draining, wearing a +0 chain mail and carrying a wand of flame (31) (asleep, 100% to hit)
The blast of sand hits Terence but does no damage.
Terence shouts!
Terence screams, "I want your blood!"
Aiming: Sandblast (safe; 3% risk of failure)
Press: ? - help, Q - select action Shift-Dir - straight line, f/p - Terence
Aim: Terence, wielding a +5 mace of draining, wearing a +0 chain mail and carrying a wand of flame (31) (87% to hit)
The blast of sand hits Terence but does no damage.
Terence zaps a wand.
The puff of flame hits you.
Aiming: Sandblast (safe; 3% risk of failure)
Press: ? - help, Q - select action Shift-Dir - straight line, f/p - Terence
Aim: Terence, wielding a +5 mace of draining, wearing a +0 chain mail and carrying a wand of flame (30) (87% to hit)
The blast of sand hits Terence but does no damage.
Terence hits you with a +5 mace of draining.
Aiming: Sandblast (safe; 3% risk of failure)
Press: ? - help, Q - select action Shift-Dir - straight line, f/p - Terence
Aim: Terence, wielding a +5 mace of draining, wearing a +0 chain mail and carrying a wand of flame (30) (87% to hit)
The blast of sand hits Terence.
Terence is lightly wounded.
Terence hits you with a +5 mace of draining.
Terence zaps a wand.
The puff of flame hits you.
As you read the scroll labelled REUXTA IRAKIC, it crumbles to dust.
It is a scroll of amnesia.
Really abort (and waste the scroll)?
Okay, then.
Terence hits you with a +5 mace of draining.
* * * LOW HITPOINT WARNING * * *
As you read the scroll labelled BEEVAC LIGINK, it crumbles to dust.
The scroll dissolves into smoke.
It was a scroll of fog.
Terence shouts, "Now you die!"
Terence hits you with a +5 mace of draining!
You die...

######.######
#...# ###.#
#.# #.# #.#
#§# #§# #@#
#§@§.#
#§§§..#
#......#
#....!.#
##...#.#
#.##.# .# #


You could see Terence.

Vanquished Creatures
  2 dart slugs (D:1)
  2 ball pythons (D:1)
  2 endoplasms (D:1)
  A giant cockroach (D:1)
  2 goblins (D:1)
  3 hobgoblins (D:1)
  4 jackals (D:1)
  A quokka (D:1)
  2 bats (D:1)
  3 kobolds (D:1)
  A rat (D:1)
23 creatures vanquished.

Notes
Turn   | Place    | Note
-------+----------+-------------------------------------------
     0 | D:1      | Radix the Gargoyle Earth Elementalist began the quest for
                  | the Orb.
     0 | D:1      | Reached XP level 1. HP: 10/10 MP: 3/3
   339 | D:1      | Found a faded altar of an unknown god.
   372 | D:1      | Reached skill level 4 in Earth Magic
   372 | D:1      | Reached XP level 2. HP: 15/15 MP: 1/5
   588 | D:1      | Reached XP level 3. HP: 18/19 MP: 1/6
   878 | D:2      | Noticed Terence
   885 | D:2      | Slain by Terence

Illustrated notes

Levels and vault maps discovered:
D:1:      shiori_arrival_elements, layout_basic, ebering_ecumenical_altar_rust
D:2:      layout_loops_ring, kennysheep_generic_room_13, uniq_terence

Skill      XL: |  1 |
---------------+----+-----
Earth Magic    | 4 |  4.4
Dodging        | |  1.5
Stealth        | |  2.1
Spellcasting   | |  2.7
Transmutations | |  0.7

Action                   || total
-------------------------++-------
Melee: Dagger            ||     8
 Cast: Sandblast         ||    33
  Use: Scroll            ||     2
Armor: Robe              ||     6
Dodge: Dodged            ||    11
